Map: Blueshift LE

Players

LandShark

  • Race: Protoss Protoss
  • League: Diamond
  • Spawn Location: 7:00

Michael - Winner!

  • Race: Protoss Protoss
  • League: Platinum
  • Spawn Location: 1:00

VOD

Have the link to the VOD?

Description

Time

  • Played on: Oct. 13, 2018, 2:34 a.m.
  • Length: 10:53
Show
View Real Time Build Order
Export as new Build Order

LandShark Protoss 

Build Orders:  

Get SALT Encoding   

  1  0:00  Probe  
  13  0:14  Pylon  
  14  0:26  Pylon  
  13  0:29  Probe  
  14  0:41  Gateway  
  14  0:49  Pylon  
  14  1:09  Gateway  
  14  1:19  Gateway  
  14  1:22  Assimilator  
  14  1:37  Cybernetics Core  
  14  1:41  Probe  
  15  2:07  Probe  
  15  2:09  Assimilator  
  15  2:11  Adept  
  15  2:15  Probe  
  19  2:24  Probe  
  19  2:28  Adept  
  22  2:38  Probe  
  23  2:50  Probe  
  24  2:57  Gateway  
  24  3:43  Warp Gate  
  20  4:09  Stalker x2  
  24  4:10  Stalker  
  24  4:12  Stalker  
  28  4:25  Nexus  
  28  4:32  Shield Battery  
  28  4:43  Pylon  
  28  4:47  Stalker  
  28  4:48  Stalker  
  32  4:53  Sentry  
  32  4:55  Probe  
  35  5:07  Probe, Pylon  
  36  5:17  Stalker  
  38  5:24  Assimilator  
  38  5:41  Robotics Facility  
  38  5:43  Probe  
  39  5:53  Probe  
  40  6:05  Probe  
  40  6:08  Stalker  
  40  6:09  Stalker  
  45  6:18  Stalker  
  47  6:26  Observer  
  47  6:30  Stargate  
  48  6:39  Stalker  
  48  7:14  Stalker x3  
  48  7:15  Stalker  
  52  8:11  Zealot x3  
  52  8:12  Zealot  
  52  8:35  Phoenix  
  54  8:42  Immortal  
  54  8:45  Stalker x3  
  64  9:00  Phoenix  
  64  9:01  Shield Battery  
  64  9:25  Phoenix  
  62  9:39  Stalker x3  
  62  9:40  Stalker  
  60  10:06  Zealot x2  
  60  10:07  Zealot x2  
Show
View Real Time Build Order
Export as new Build Order

Michael Protoss - Winner!

Build Orders:  

Get SALT Encoding   

  1  0:00  Probe  
  12  0:05  Probe  
  14  0:18  Pylon  
  14  0:21  Probe  
  15  0:36  Probe  
  15  0:40  Gateway  
  16  0:48  Probe  
  17  0:56  Assimilator  
  17  1:00  Probe  
  18  1:12  Probe  
  18  1:17  Pylon  
  19  1:27  Zealot, Gateway  
  21  1:36  Cybernetics Core  
  21  1:42  Probe  
  22  1:50  Probe  
  22  1:56  Pylon  
  22  1:59  Zealot  
  25  2:09  Warp Gate  
  25  2:10  Assimilator  
  25  2:17  Pylon  
  25  2:29  Gateway  
  25  2:43  Probe  
  26  2:55  Probe  
  27  3:02  Nexus  
  27  3:05  Gateway  
  27  3:07  Zealot  
  27  3:08  Zealot  
  28  3:44  Stargate  
  25  4:02  Probe  
  26  4:14  Probe  
  27  4:18  Shield Battery  
  27  4:19  Probe  
  28  4:26  Probe  
  28  4:27  Probe  
  29  4:36  Probe  
  29  4:38  Probe  
  31  4:45  Zealot  
  34  4:46  Zealot  
  34  4:48  Probe  
  34  4:50  Probe  
  34  4:52  Zealot  
  40  4:57  Probe  
  40  5:05  Probe  
  41  5:08  Probe  
  43  5:15  Probe  
  43  5:20  Void Ray, Probe  
  45  5:27  Probe  
  50  5:35  Twilight Council  
  50  5:39  Probe  
  50  5:41  Forge  
  51  5:45  Probe  
  52  5:51  Probe  
  52  5:53  Zealot  
  52  5:54  Void Ray  
  55  5:57  Probe  
  60  6:07  Zealot  
  62  6:20  Pylon  
  62  6:22  Pylon  
  62  6:24  Pylon  
  62  6:27  Charge, Gateway  
  62  6:30  Protoss Ground Weapons Level 1  
  62  6:46  Zealot x3  
  68  6:47  Zealot  
  70  7:14  Zealot x3  
  70  7:15  Zealot  
  78  7:17  Void Ray  
  82  7:24  Protoss Air Weapons Level 1  
  82  7:27  Probe x2  
  84  7:34  Zealot  
  84  7:37  Zealot  
  84  7:39  Probe  
  84  7:40  Probe  
  84  7:43  Shield Battery  
  84  7:49  Pylon  
  76  7:51  Probe, Pylon  
  76  7:52  Probe  
  76  7:54  Void Ray  
  74  8:03  Probe  
  77  8:09  Zealot x2  
  77  8:10  Zealot x2  
  83  8:20  Gateway  
  79  8:31  Zealot x4  
  79  8:33  Zealot  
  89  8:35  Void Ray  
  93  8:42  Pylon  
  91  8:59  Zealot  
  91  9:11  Pylon  
  83  9:17  Zealot, Pylon  
  83  9:18  Zealot x3, Pylon  
  83  9:19  Zealot  
  83  9:20  Pylon  
  91  9:29  Void Ray  
  95  9:40  Zealot x2  
  95  9:41  Zealot x3  
  95  9:42  Zealot  
  107  9:52  Pylon  
  89  10:14  Zealot x3  
  89  10:15  Zealot x3  
Tags
 
Matchup
PvP
Spawn Locations
Cross Positions
Add a new tag
Caveats
  • Supply blocks, unpowered buildings, or Contaminate may cause inaccurate times.
  • Supply counts are checked every 10 seconds.